 Dungeon Crawl Stone Soup version 0.28-a0-706-gf6f64a616a (webtiles) character file.

Game seed: 5226821977604535931

821 Demosthentine the Poker (level 7, -1/56 HPs)
             Began as a Merfolk Gladiator on Oct 25, 2021.
             Slain by a vampire mosquito (4 damage)
             ... on level 5 of the Dungeon.
             The game lasted 00:04:07 (5052 turns).

Demosthentine the Poker (Merfolk Gladiator)         Turns: 5052, Time: 00:04:08

Health: -1/56      AC:  6    Str: 22    XL:     7   Next: 95%
Magic:  7/7        EV: 15    Int:  8    God:
Gold:   220        SH:  0    Dex: 15    Spells: 6/6 levels left

rFire   . . .      SeeInvis .   a - +1 trident
rCold   . . .      Faith    .   (no shield)
rNeg    . . .      Spirit   .   b - +0 leather armour
rPois   .          Reflect  .   c - +1 helmet
rElec   .          Harm     .   (no cloak)
rCorr   .          Rampage  .   p - +0 pair of gloves
Will    .....                   (no boots)
Stlth   +.........              (no amulet)
HPRegen 0.18/turn               h - +6 ring of strength
MPRegen 0.10/turn               (no ring)

@: mighty, attractive, hasted, studying Throwing, very quick
A: (nimble swimmer 2), mertail
a: no special abilities


You were on level 5 of the Dungeon.
You visited 1 branch of the dungeon, and saw 5 of its levels.

You collected 220 gold pieces.

Inventory:

Hand Weapons
 a - a +1 trident (weapon)
Missiles
 d - a throwing net (quivered)
Armour
 b - a +0 leather armour (worn)
 c - a +1 helmet (worn)
 p - a +0 pair of gloves (worn)
Jewellery
 h - a +6 ring of strength (left hand)
 t - a ring of poison resistance
Scrolls
 e - a scroll of amnesia {unknown}
 m - 2 scrolls of magic mapping
 r - a scroll of teleportation
Potions
 g - 2 potions of magic
 i - a potion of brilliance
 j - a potion of flight
 n - a potion of mutation


   Skills:
 + Level 5.1 Fighting
 + Level 7.6 Polearms
 - Level 2.0 Throwing
 + Level 3.0 Armour
 + Level 6.9 Dodging


You had 6 spell levels left.
You didn't know any spells.
Your spell library contained the following spells:

 Spells                   Type           Power      Damage    Failure   Level
 Sting                    Tmut/Pois      0%         1d3       45%         1
 Poisonous Vapours        Pois/Air       0%         N/A       58%         2
 Olgreb's Toxic Radiance  Pois           0%         N/A       99%         4


Dungeon Overview and Level Annotations

Branches:
Dungeon (5/15)
 Temple: D:4-7

Altars:
Cheibriados
Fedhas
Qazlal
Sif Muna
Uskayaw
Vehumet

Shops:
D:2 [:


Innate Abilities, Weirdness & Mutations

((You are quick and stealthy near water. (Stealth+, EV+, Speed+++)))
Your lower body shifts to a powerful aquatic tail in water.


Message History

It was a potion of attraction.
You feel attractive to monsters. The vampire mosquito bites you.
The vampire mosquito draws strength from your injuries!
The vampire mosquito bites you.
The vampire mosquito draws strength from your injuries!
It was a potion of might.
You feel very mighty all of a sudden. The vampire mosquito barely misses you.
The vampire mosquito closely misses you.
You puncture the vampire mosquito!
The vampire mosquito is moderately damaged.
You are no longer corroded.
The vampire mosquito bites you.
The vampire mosquito draws strength from your injuries!
You closely miss the vampire mosquito.
The vampire mosquito is moderately damaged.
The vampire mosquito bites you!
The vampire mosquito draws strength from your injuries!
The vampire mosquito bites you!
* * * LOW HITPOINT WARNING * * *
The vampire mosquito draws strength from your injuries!
You feel yourself speed up.
The vampire mosquito barely misses you. x2
You puncture the vampire mosquito!
The vampire mosquito is heavily damaged.
The vampire mosquito completely misses you.
You barely miss the vampire mosquito.
The vampire mosquito is moderately damaged.
The vampire mosquito bites you.
* * * LOW HITPOINT WARNING * * *
The vampire mosquito draws strength from your injuries!
You hit the vampire mosquito.
The vampire mosquito is heavily damaged.
The vampire mosquito barely misses you. The vampire mosquito bites you!
* * * LOW HITPOINT WARNING * * *
The vampire mosquito draws strength from your injuries!
You puncture the vampire mosquito!
The vampire mosquito is severely damaged.
The vampire mosquito bites you.
You die...

...# #...
#..# ##.y#
#...##
###..# ##y##
..
#Dy######...
#.
##yy@.......
#.
#..###......
#. #..#
###..
..#####.
#.##
#.......
##.#
#.......
#.## #..# #.
##.# ..# ##
#..# # ..# #
#..## .# #.#
#


You could see an acid dragon and 4 vampire mosquitoes.

Vanquished Creatures
  A water moccasin (D:5)
  2 necrophages
  An ogre (D:5)
  A scorpion (D:4)
  A howler monkey (D:4)
  An orc priest (D:4)
  A centaur skeleton (D:4)
  2 hounds
  A bullfrog skeleton (D:5)
  An iguana (D:5)
  2 orc wizards (D:5)
  A hound skeleton (D:3)
  5 adders
  An ufetubus (D:2)
  A worm (D:2)
  9 orcs
  4 bats
  7 endoplasms
  2 giant cockroaches
  8 goblins
  7 hobgoblins
  A jackal (D:3)
  3 kobolds
  3 quokkas
  10 ball pythons
  A frilled lizard (D:2)
  5 rats
82 creatures vanquished.

Vanquished Creatures (others)
  A fungus (D:4)
  2 plants (D:4)
3 creatures vanquished.

Grand Total: 85 creatures vanquished

Notes
Turn   | Place    | Note
-------+----------+-------------------------------------------
     0 | D:1      | Demosthentine the Merfolk Gladiator began the quest for the
                  | Orb.
     0 | D:1      | Reached XP level 1. HP: 16/16 MP: 1/1
   141 | D:1      | Reached XP level 2. HP: 23/23 MP: 2/2
   249 | D:1      | Found a faded altar of an unknown god.
   856 | D:2      | Found a snail-covered altar of Cheibriados.
   880 | D:2      | Reached XP level 3. HP: 21/28 MP: 3/3
   893 | D:2      | Reached skill level 5 in Polearms
  1297 | D:2      | Reached skill level 1 in Armour
  1580 | D:2      | Found Bumn's Armour Boutique.
  1710 | D:2      | Found Nulek's Book Emporium.
  2091 | D:3      | Reached XP level 4. HP: 35/35 MP: 4/4
  2642 | D:3      | Noticed a +0 dagger
  2644 | D:3      | Noticed a +0 spear
  2644 | D:3      | Noticed a +0 falchion
  2644 | D:3      | Noticed a +0 short sword
  2644 | D:3      | Noticed a +0 spear
  2645 | D:3      | Noticed a +0 dagger
  2645 | D:3      | Noticed a +0 short sword
  2645 | D:3      | Noticed a +0 falchion
  2648 | D:3      | Found a hide-covered altar of Uskayaw.
  3021 | D:3      | Reached skill level 5 in Dodging
  3021 | D:3      | Reached XP level 5. HP: 26/41 MP: 5/5
  3394 | D:4      | Identified the +2 leather armour "Tunaxkomi" {Harm Fly
                  | Int+4 Slay-4}
  3674 | D:4      | Found a shimmering blue altar of Sif Muna.
  3687 | D:4      | Noticed a necrophage
  3698 | D:4      | Killed a necrophage
  3699 | D:4      | Reached skill level 6 in Polearms
  3699 | D:4      | Reached XP level 6. HP: 45/48 MP: 6/6
  3751 | D:4      | Found a blossoming altar of Fedhas.
  3763 | D:4      | Found a stormy altar of Qazlal.
  4192 | D:5      | Entered Level 5 of the Dungeon
  4384 | D:4      | Reached XP level 7. HP: 39/55 MP: 7/7
  4558 | D:5      | Reached skill level 7 in Polearms
  4740 | D:5      | Reached skill level 5 in Fighting
  4872 | D:5      | Found a radiant altar of Vehumet.
  5034 | D:5      | Noticed a vampire mosquito
  5036 | D:5      | Noticed a vampire mosquito
  5037 | D:5      | Noticed a vampire mosquito
  5039 | D:5      | Noticed a vampire mosquito
  5052 | D:5      | Slain by a vampire mosquito

Illustrated notes

Levels and vault maps discovered:
D:1:      shiori_arrival_elements, layout_loops_ring,
          shapermc_ecumenical_altar_mp_ritualfount, minmay_cut_off
D:2:      layout_basic, basic_altar, serial_shops, shop, shop
D:3:      minmay_angry_zag, layout_basic, nicolae_uskayaw_en_pointe,
          mainiacjoe_overflow_alcove_2
D:4:      layout_gridville, mainiacjoe_overflow_small_starburst,
          grunt_temple_overflow_forces_of_nature
D:5:      layout_layer_cave, mainiacjoe_overflow_boulevard, lemuel_old_faithful

Skill      XL: |  1  2  3  4  5  6  7 |
---------------+----------------------+-----
Polearms       | 5 6 7 |  7.6
Armour         | 1 2 3 |  3.0
Fighting       | 3 4 5 |  5.1
Dodging        | 5 6 |  6.9
Throwing       | |  2.0

Action                   |  1- 3 |  4- 6 |  7- 9 || total
-------------------------+-------+-------+-------++-------
Melee: Trident           |   108 |   147 |    71 ||   326
Throw: Throwing net      |       |       |     2 ||     2
  Use: Scroll            |     7 |     5 |       ||    12
       Potion            |       |     1 |     7 ||     8
 Stab: Sleeping          |     1 |     2 |       ||     3
       Held in net/web   |       |       |     1 ||     1
Armor: Leather armour    |    23 |    44 |    11 ||    78
Dodge: Dodged            |    66 |   131 |    47 ||   244

Table legend: (Time is in decaauts)
 A = Elapsed time spent in this place.
 B = Non-inter-level travel time spent in this place.
 C = Inter-level travel time spent in this place.
 D = Time resting spent in this place.
 E = Time spent auto-exploring this place.
 F = Levels seen in this place.
 G = Mean time per level.
                   A        B        C        D        E       F      G
               +--------+--------+--------+--------+--------+-----+--------+
         Total |   5070 |   4992 |     78 |    442 |   3827 |   5 | 1014.0 |
       Dungeon |   5070 |   4992 |     78 |    442 |   3827 |   5 | 1014.0 |
               +--------+--------+--------+--------+--------+-----+--------+

Top non-repeatable levels by time:
     D:4: 1342 daAuts
     D:3: 1227 daAuts
     D:2: 1143 daAuts
     D:1: 804 daAuts
     D:5: 552 daAuts
